Map: Invader LE

Players

trueHero

  • Race: Terran Terran
  • League: Silver
  • Spawn Location: 7:00

Fropez - Winner!

  • Race: Protoss Protoss
  • League: Silver
  • Spawn Location: 11:00

VOD

Have the link to the VOD?

Description

Time

  • Played on: May 22, 2016, 11:34 a.m.
  • Length: 20:22
Show
View Real Time Build Order
Export as new Build Order

trueHero Terran 

Build Orders: 1/1/1 

Get SALT Encoding   

  12  0:05  SCV  
  13  0:19  Supply Depot  
  13  0:20  SCV  
  14  0:32  SCV  
  14  0:33  Refinery  
  15  0:42  Barracks  
  15  0:45  SCV  
  16  1:02  SCV  
  17  1:26  Supply Depot  
  17  1:27  Refinery  
  17  1:29  Marine  
  18  1:32  Orbital Command  
  18  1:38  Factory  
  18  1:48  Marine  
  19  1:59  SCV  
  20  2:06  Marine  
  21  2:13  SCV  
  22  2:24  Factory Tech Lab  
  22  2:28  Starport  
  22  2:34  Barracks Reactor  
  22  2:35  Supply Depot  
  22  2:48  SCV  
  22  2:50  Siege Tank  
  26  3:06  Starport Reactor  
  26  3:08  SCV  
  27  3:15  Command Center  
  26  3:37  Marine x2  
  28  3:42  Siege Tank  
  31  3:57  Bunker  
  31  4:06  Engineering Bay  
  31  4:09  SCV  
  32  4:37  Liberator  
  32  4:45  Supply Depot  
  32  4:47  SCV  
  32  4:48  Orbital Command  
  33  4:53  Marine x2  
  33  4:54  Siege Tank  
  41  5:00  Terran Infantry Weapons Level 1  
  41  5:03  SCV  
  41  5:05  Medivac  
  44  5:15  Missile Turret  
  44  5:29  Supply Depot  
  44  5:50  Marine x2  
  44  5:51  Orbital Command  
  44  5:52  Viking  
  44  5:53  Medivac  
  44  5:54  Siege Tank  
  53  6:13  Barracks  
  53  6:19  Missile Turret  
  53  6:24  SCV x2, Missile Turret  
  55  7:00  SCV x2  
  57  7:09  Supply Depot  
  57  7:12  SCV x2  
  57  7:14  Engineering Bay  
  59  7:18  Terran Infantry Armor Level 1  
  59  7:22  Refinery  
  59  7:24  SCV x2  
  59  7:25  Refinery  
  61  7:39  Missile Turret  
  61  7:45  Armory  
  61  7:51  Medivac x2  
  65  7:54  SCV  
  65  7:55  SCV  
  67  8:23  SCV x2  
  69  8:28  Siege Tank  
  69  8:31  Command Center  
  69  8:32  Barracks Tech Lab  
  72  8:35  SCV  
  72  8:37  Terran Vehicle Weapons Level 1  
  72  8:39  SCV  
  74  9:16  Marine x2  
  76  9:22  Stimpack  
  76  9:24  Supply Depot  
  76  9:25  Supply Depot  
  76  9:26  Supply Depot  
  76  9:28  Supply Depot  
  76  9:29  Terran Infantry Weapons Level 2  
  76  9:31  Terran Infantry Armor Level 2  
  76  9:33  Marine  
  76  9:35  SCV  
  78  9:43  Siege Tank, SCV, Viking  
  84  9:47  SCV  
  86  9:53  Orbital Command  
  86  9:55  SCV  
  86  10:14  Marine x2, Marauder  
  88  10:16  Siege Tank  
  93  10:29  Barracks  
  93  10:36  SCV  
  93  10:37  SCV  
  95  10:48  SCV  
  95  10:49  SCV  
  97  11:01  SCV  
  98  12:02  SCV x2  
  97  12:11  Orbital Command  
  97  12:14  Marine, SCV x2  
  97  12:15  Marine, Siege Tank, Marauder  
  106  12:16  Viking x2  
  106  12:21  Barracks Reactor  
  110  12:27  Factory  
  110  12:28  Terran Infantry Weapons Level 3  
  110  12:29  Terran Infantry Armor Level 3  
  110  12:30  Terran Vehicle And Ship Armor Level 1  
  110  12:37  Bunker  
  110  13:02  SCV x2, Marauder  
  110  13:03  Marine x2, SCV  
  110  13:04  Marine x2  
  110  13:05  Siege Tank  
  122  13:06  Medivac  
  124  13:12  Missile Turret  
  124  13:14  SCV  
  124  13:15  SCV x2, Liberator  
  124  13:18  Liberator  
  125  13:32  Marine x4, Marauder  
  134  13:36  Refinery  
  134  13:37  Missile Turret  
  134  13:40  SCV x3  
  140  13:49  Marine  
  141  13:58  Refinery  
  141  14:32  Marine  
  141  14:33  Marauder  
  141  14:57  Supply Depot  
  141  14:58  Supply Depot  
  141  14:59  Supply Depot x2  
  141  15:00  Supply Depot  
  141  15:03  Supply Depot  
  141  15:08  Command Center  
  141  15:10  Marine, SCV x3  
  141  15:12  Marine x3  
  141  15:14  Marauder  
  141  15:19  Medivac x2  
  145  15:22  SCV x2  
  134  15:28  Marine  
  134  15:30  Marine x3  
  134  15:32  Liberator  
  134  15:40  Command Center x2  
  138  15:50  SCV x2  
  138  15:51  Marine  
  138  15:52  Marine x3, Marauder  
  138  15:53  Siege Tank  
  138  15:54  Medivac  
  150  15:58  Factory Tech Lab  
  150  16:02  SCV x2  
  141  16:06  Starport  
  141  16:07  Liberator  
  141  16:09  Marine  
  141  16:10  Marine x3  
  143  16:14  SCV x2  
  134  16:24  Marauder  
  134  16:25  Siege Tank  
  135  16:27  Marine  
  135  16:28  Marine x2  
  135  16:32  Medivac  
  140  16:41  Marine  
  140  16:43  Siege Tank  
  140  16:45  Marine  
  140  16:46  Marauder  
  147  16:54  Marine  
  148  17:04  Marine x3  
  148  17:07  Marauder  
  153  17:12  Marine  
  154  17:22  Marine  
  155  17:29  Marauder  
  139  17:34  Marine  
  139  17:35  Marine x2, Siege Tank  
  139  17:36  Siege Tank  
  139  17:39  Marine  
  138  17:50  Marauder  
  133  18:08  Siege Tank  
  104  18:39  Bunker x2  
  81  18:42  Marine x3  
  81  18:43  Marine, Marauder  
  75  18:50  Liberator  
  71  19:00  Marine x4  
  69  19:03  Marine  
  73  19:10  Siege Tank  
  76  19:18  Marine x4  
  76  19:22  Marauder  
  82  19:27  Orbital Command  
Show
View Real Time Build Order
Export as new Build Order

Fropez Protoss - Winner!

Build Orders:  

Get SALT Encoding   

  12  0:01  Probe (Chrono Boost)  
  13  0:19  Probe (Chrono Boost)  
  14  0:25  Pylon  
  14  0:32  Probe (Chrono Boost)  
  15  0:36  Assimilator  
  15  0:48  Probe (Chrono Boost)  
  16  0:50  Gateway  
  16  0:56  Pylon  
  16  0:59  Probe (Chrono Boost)  
  17  1:10  Pylon  
  17  1:13  Probe (Chrono Boost)  
  18  1:25  Probe (Chrono Boost)  
  19  1:33  Forge  
  19  1:35  Probe (Chrono Boost)  
  20  1:44  Cybernetics Core  
  20  1:46  Probe (Chrono Boost)  
  21  1:53  Zealot (Chrono Boost)  
  23  1:56  Probe  
  24  2:03  Assimilator  
  24  2:09  Probe  
  25  2:16  Pylon  
  25  2:21  Probe  
  26  2:33  Mothership Core  
  28  2:40  Photon Cannon  
  28  2:41  Gateway  
  28  2:51  Pylon  
  28  2:54  Probe  
  29  3:06  Probe  
  30  3:13  Adept (Chrono Boost)  
  30  3:16  Warp Gate (Chrono Boost)  
  30  3:18  Probe, Protoss Ground Weapons Level 1  
  33  3:28  Adept  
  33  3:30  Probe  
  36  3:43  Probe  
  37  3:53  Nexus  
  37  3:55  Probe  
  38  3:57  Adept  
  40  4:42  Probe  
  41  4:55  Pylon  
  41  4:56  Assimilator  
  41  4:59  Assimilator  
  41  5:04  Pylon  
  41  5:07  Pylon  
  41  5:10  Pylon  
  41  5:13  Gateway  
  41  5:14  Probe, Gateway  
  41  5:15  Probe, Gateway  
  41  5:19  Protoss Ground Armor Level 1 (Chrono Boost)  
  43  5:22  Pylon  
  43  5:27  Probe  
  44  5:41  Probe  
  44  5:42  Probe  
  46  5:51  Twilight Council, Pylon, Probe  
  46  5:54  Adept x2  
  51  6:16  Stalker x2, Robotics Facility  
  51  6:17  Robotics Facility  
  55  6:22  Probe  
  55  6:23  Probe  
  57  6:31  Photon Cannon  
  57  6:33  Probe  
  57  6:35  Probe  
  59  6:43  Probe  
  60  6:47  Probe  
  60  6:51  Photon Cannon  
  60  6:54  Probe  
  61  6:59  Probe  
  61  7:01  Protoss Ground Weapons Level 2 (Chrono Boost)  
  63  7:04  Probe  
  63  7:07  Blink (Chrono Boost)  
  64  7:11  Probe  
  65  7:16  Adept x3  
  65  7:22  Warp Prism  
  73  7:25  Probe  
  73  7:26  Probe  
  75  7:46  Nexus  
  75  7:55  Pylon  
  75  7:57  Pylon  
  75  8:01  Pylon  
  75  8:03  Pylon, Probe  
  75  8:04  Probe  
  77  8:07  Pylon  
  77  8:09  Immortal  
  81  8:24  Immortal  
  85  8:32  Adept  
  88  8:34  Probe  
  88  8:42  Photon Cannon  
  88  8:44  Photon Cannon  
  88  8:46  Photon Cannon  
  88  8:51  Photon Cannon  
  88  8:53  Probe  
  86  8:57  Photon Cannon  
  86  9:01  Assimilator  
  83  9:03  Assimilator  
  83  9:09  Probe  
  84  9:15  Probe  
  85  9:25  Stalker x5  
  95  9:36  Immortal  
  99  9:45  Templar Archives  
  99  9:49  Pylon  
  99  9:53  Probe x2  
  99  9:54  Probe  
  102  10:17  Adept  
  102  10:18  Adept x4  
  112  10:26  Probe x2  
  114  10:30  Immortal  
  114  10:31  Pylon  
  114  10:34  Pylon  
  118  10:41  Gateway  
  118  10:43  Gateway  
  118  10:46  Probe  
  118  10:48  Gateway  
  119  11:08  Pylon  
  119  11:10  Stalker x2  
  119  11:11  Pylon, Stalker x3  
  123  11:46  Immortal x2  
  131  11:53  Nexus  
  129  11:56  Assimilator  
  129  11:58  Assimilator  
  129  12:01  Photon Cannon  
  125  12:02  Pylon x2  
  119  12:17  Zealot  
  119  12:18  Zealot x5  
  119  12:19  Zealot  
  119  12:21  Zealot  
  125  12:27  Probe  
  125  12:28  Probe  
  121  12:40  Photon Cannon  
  121  12:45  High Templar x2  
  121  12:46  High Templar x6, Photon Cannon  
  121  12:50  Archon x3  
  135  12:52  Archon  
  135  12:54  Probe  
  135  12:55  Probe  
  137  12:59  Immortal  
  137  13:02  Immortal  
  145  13:23  Probe  
  146  13:27  Pylon  
  146  13:29  High Templar x3  
  146  13:30  High Templar x5  
  162  13:48  Gateway  
  162  13:51  Gateway  
  162  13:52  Gateway x2  
  162  13:54  Protoss Ground Weapons Level 3  
  162  14:00  Archon x3  
  162  14:01  Archon  
  161  14:10  Adept x5, Pylon  
  161  14:11  Adept x3  
  161  14:54  High Templar x5  
  161  14:55  High Templar x3  
  161  14:58  Archon x2  
  161  14:59  Archon x2  
  157  15:30  Stalker x7  
  157  15:31  Stalker  
  161  15:57  High Templar x5  
  161  15:58  High Templar x3  
  161  16:02  Archon x3  
  161  16:03  Archon  
  120  16:41  High Templar x2  
  120  16:42  High Templar x6  
  136  16:49  Nexus  
  136  16:51  Assimilator  
  134  16:54  Assimilator  
  134  16:57  Pylon  
  134  16:58  Pylon  
  134  17:04  Archon  
  134  17:05  Archon x3  
  134  17:10  Nexus  
  134  17:17  Stalker x2  
  134  17:18  Stalker x6  
  142  18:10  Zealot x4  
  116  18:40  High Templar  
  116  18:41  High Templar x6  
  110  18:42  High Templar  
  110  18:45  Archon x4  
  110  18:53  Assimilator  
  96  18:55  Assimilator  
  96  18:58  Probe  
  96  18:59  Pylon, Probe x2  
  96  19:00  Pylon  
  99  19:38  Stalker x3  
  99  19:39  Stalker x5  
  115  20:11  Gateway  
  115  20:15  High Templar x6, Gateway  
  127  20:18  Photon Cannon  
  127  20:21  Gateway  
Tags
 
Matchup
PvT
Opening
1/1/1
Replay Pack
All Mines
Spawn Locations
Close Positions
Add a new tag
Caveats
  • Supply blocks, unpowered buildings, or Contaminate may cause inaccurate times.
  • Supply counts are checked every 10 seconds.